 Dungeon Crawl Stone Soup version 0.17.0-23-g0de4337 (webtiles) character file.

7069 timbw the Severer (level 10, -1/85 HPs)
             Began as a Deep Dwarf Fighter on Nov 13, 2015.
             Was an Elder of Makhleb.
             Slain by a black mamba (6 damage)
             ... on level 6 of the Lair of Beasts.
             The game lasted 00:20:01 (3236 turns).

timbw the Severer (Deep Dwarf Fighter)              Turns: 3236, Time: 00:20:02

Health: -1/85      AC: 15    Str: 21    XL:     10   Next: 83%
Magic:  16/16      EV:  5    Int:  8    God:    Makhleb [****..]
Gold:   281        SH:  9    Dex: 15    Spells: 0 memorised, 9 levels left

rFire  . . .     SeeInvis .     a - +1 war axe
rCold  . . .     Clarity  .     o - +0 plate armour
rNeg   . . .     SustAt   +     c - +0 shield
rPois  .         Gourm    .     k - +2 hat
rElec  .         Spirit   .     (no cloak)
rCorr  .         Warding  .     (no gloves)
rMut   +         Stasis   .     r - +0 pair of boots
MR     +....                    F - amulet of resist mutation
Stlth  ..........               y - ring of magical power
                                n - ring of sustain attributes

@: lethally poisoned (-1 -> -28), non-regenerating, drained, somewhat resistant
to hostile enchantments, extremely unstealthy
A: damage resistance, recharge devices, sense surroundings 2, slow regeneration
3
a: Device Recharging, Minor Destruction, Lesser Servant of Makhleb, Major
Destruction, Renounce Religion


You were on level 6 of the Lair of Beasts.
You worshipped Makhleb.
Makhleb was greatly pleased with you.
You were not hungry.

You visited 3 branches of the dungeon, and saw 18 of its levels.

You collected 281 gold pieces.

Inventory:

Hand Weapons
 a - a +1 war axe (weapon)
 t - a +0 blowgun
Missiles
 w - 14 poisoned needles
Armour
 b - a +0 scale mail
 c - a +0 shield (worn)
 d - the +0 helmet of Jigocw {+Fly Str+4 Dex-5 Stlth+}
   (You took it off Robin on level 3 of the Dungeon)

   It affects your strength (+4).
   It affects your dexterity (-5).
   It lets you fly.
   It makes you more stealthy.
 h - a +0 chain mail of magic resistance
 k - a +2 hat (worn)
 o - a +0 plate armour (worn)
 r - a +0 pair of boots (worn)
 A - the +4 ring mail "Naky" {+Blink rF+ rC+}
   (You found it on level 9 of the Dungeon)

   It protects you from fire.
   It protects you from cold.
   It lets you blink.
Jewellery
 n - a ring of sustain attributes (left hand)
 s - a +4 ring of intelligence {unknown}
 y - a ring of magical power (right hand)
 F - an amulet of resist mutation (around neck)
Wands
 e - a wand of heal wounds (0)
 m - a wand of hasting (1)
 q - a wand of disintegration (9)
 D - a wand of polymorph (13)
 H - a wand of fire (9)
Scrolls
 g - 2 scrolls of enchant armour
 i - 3 scrolls of remove curse
 p - 2 scrolls of vulnerability
 x - a scroll of holy word
 B - a scroll of fog {unknown}
 E - 2 scrolls of teleportation {unknown}
Potions
 l - a potion of magic {unknown}
 u - a potion of ambrosia {unknown}
 v - a potion of heal wounds {unknown}
 z - a potion of degeneration {unknown}
 C - a potion of brilliance {unknown}
 G - a potion of curing {unknown}
Comestibles
 f - 6 bread rations
 j - 6 meat rations


   Skills:
 + Level 4.1(3.2) Fighting
 * Level 15.4(14.2) Axes
 + Level 5.1(4.1) Armour
 + Level 3.6(2.7) Dodging
 - Level 3.2(2.3) Shields
 + Level 3.8(2.9) Invocations
 + Level 3.6(2.6) Evocations


You had 9 spell levels left.
You didn't know any spells.

Dungeon Overview and Level Annotations

Branches:
Dungeon (11/15)            Temple (1/1) D:5            Lair (6/8) D:9
 Spider (0/4) Lair:6          Orc (0/4) D:10
  Swamp: Lair:3-6    Shoals: Lair:3-6     Slime: Lair:6-8

Altars:
Dithmenos
Elyvilon
Fedhas
Gozag
Makhleb
Ru
Sif Muna
Trog
Xom
Yredelemnul
The Shining One

Shops:
D:8 }

Annotations:
D:6 Archteshnor's ghost, novice HuFi; Dowan; Duvessa
D:10 Nergalle


Innate Abilities, Weirdness & Mutations

You are resistant to damage.
You can recharge devices by infusing magical energy.
You passively map the area around you.
You do not regenerate naturally.


Message History

You feel better.
You feel very sick. You block the black mamba's attack.
* * * LOW HITPOINT WARNING * * *
You feel very sick. The black mamba completely misses you.
Found a war axe and 20 stones.
* * * LOW HITPOINT WARNING * * *
You feel very sick. You block the black mamba's attack. x2
* * * LOW HITPOINT WARNING * * *
You feel very sick. You block the black mamba's attack.
The black mamba bites you!
* * * LOW HITPOINT WARNING * * *
You hit the black mamba but do no damage.
The black mamba is heavily wounded.
* * * LOW HITPOINT WARNING * * *
You feel very sick. The black mamba bites you!
You die...

, * , , , ,≈...# * *
, §≈....####### , ,
≈≈≈≈...#.#...# * ,
≈≈§≈#.........* ,
,,* ≈≈≈.?......## *
, ≈≈.§.........##
.............### * ,
, ,
)......†.@.....#* ,
* ,
........S†....... ,,
......).......#.. ,
, .................,
, *,
,...#............. ,
,, ,
....#............,**
, , * ,
≈≈..#P........... ,
, ≈≈(,.............,
≈ ≈≈ .PP..........
,, ,


You could see a black mamba.

Vanquished Creatures
  An ugly thing (D:11)
  A black mamba (Lair:5)
  A gargoyle (D:10)
  A komodo dragon (Lair:1)
  A two-headed ogre (D:8)
  Sigmund (D:6)
  10 yaks
  A basilisk (Lair:6)
  A deep elf fighter (D:9)
  A deep elf mage (D:10)
  2 hippogriffs
  A hungry ghost (D:9)
  Menkaure (D:6)
  Edmund (D:6)
  3 water moccasins
  2 orc warriors
  2 porcupines
  A sky beast (D:6)
  An ice beast (D:6)
  A crocodile (Lair:5)
  2 centaurs
  A big kobold (D:11)
  3 giant frogs
  5 hounds
  2 crimson imps (D:6)
  A giant frog skeleton (D:7)
  A centaur skeleton (D:4)
  5 hell rats (Lair:5)
  2 orc priests
  5 jellies
  4 worker ants
  5 iguanas
  A gnoll shaman (D:6)
  8 orc wizards
  A hound zombie (D:8)
  2 worker ant zombies
  Robin (D:3)
  9 adders
  6 gnolls (D:6)
  14 river rats
  2 shadow imps
  An adder zombie (D:1)
  A worm (D:2)
  4 giant geckos
  29 orcs
  3 giant cockroaches
  12 goblins
  6 hobgoblins
  9 jackals
  9 kobolds
  A quokka (D:5)
  A ball python (D:1)
  8 bats
  A giant cockroach zombie (D:1)
  6 giant newts
  A jackal skeleton (D:7)
  15 rats
  2 fungi (D:9)
  A plant (D:9)
224 creatures vanquished.

Vanquished Creatures (others)
  A scorpion (D:9)
  4 fungi (D:9)
5 creatures vanquished.

Grand Total: 229 creatures vanquished

Notes
Turn   | Place    | Note
--------------------------------------------------------------
     0 | D:1      | timbw the Deep Dwarf Fighter began the quest for the Orb.
     0 | D:1      | Reached XP level 1. HP: 20/20 MP: 1/1
   125 | D:1      | Reached XP level 2. HP: 24/27 MP: 2/2
   273 | D:2      | Reached skill level 4 in Axes
   273 | D:2      | Reached XP level 3. HP: 19/33 MP: 3/3
   297 | D:2      | Reached XP level 4. HP: 20/40 MP: 4/4
   394 | D:3      | Noticed Robin
   401 | D:3      | Reached skill level 5 in Axes
   405 | D:3      | Killed Robin
   414 | D:3      | Got a dazzling helmet
   420 | D:3      | Identified the +0 helmet of Jigocw {+Fly Str+4 Dex-5 Stlth+} (You took it off Robin on level 3 of the Dungeon)
   610 | D:5      | Entered Level 5 of the Dungeon
   627 | D:5      | Reached XP level 5. HP: 32/46 MP: 5/5
   664 | D:4      | Reached skill level 6 in Axes
   807 | D:4      | Found a shimmering altar of Xom.
   807 | D:4      | Found a shimmering altar of Xom.
   828 | D:4      | Found a shimmering altar of Xom.
   828 | D:4      | Found a shimmering altar of Xom.
   828 | D:4      | Found a shimmering altar of Xom.
   829 | D:4      | Found a shimmering altar of Xom.
   829 | D:4      | Found a shimmering altar of Xom.
   829 | D:4      | Found a shimmering altar of Xom.
   875 | D:5      | Found a white marble altar of Elyvilon.
   876 | D:5      | Found a blossoming altar of Fedhas.
   969 | D:5      | Noticed a centaur
   990 | D:5      | Killed a centaur
   990 | D:5      | Reached skill level 7 in Axes
   990 | D:5      | Reached XP level 6. HP: 52/55 MP: 6/6
  1044 | D:6      | Noticed a sky beast
  1083 | D:6      | Killed a sky beast
  1083 | D:6      | Reached skill level 8 in Axes
  1089 | D:6      | Noticed Duvessa
  1104 | D:6      | Noticed Dowan
  1108 | D:6      | Noticed Archteshnor's ghost (novice HuFi)
  1177 | D:7      | Reached XP level 7. HP: 23/61 MP: 7/7
  1281 | D:6      | Noticed an ice beast
  1289 | D:6      | Killed an ice beast
  1289 | D:6      | Reached skill level 9 in Axes
  1295 | D:6      | Noticed Sigmund
  1296 | D:6      | Noticed a centaur
  1315 | D:6      | Killed a centaur
  1329 | D:6      | Killed Sigmund
  1329 | D:6      | Reached skill level 10 in Axes
  1383 | D:6      | Reached XP level 8. HP: 39/68 MP: 8/8
  1426 | D:6      | Noticed an orc warrior
  1430 | D:6      | Noticed Edmund
  1453 | D:6      | Noticed Menkaure
  1498 | D:5      | Found a staircase to the Ecumenical Temple.
  1506 | Temple   | Entered the Ecumenical Temple
  1517 | Temple   | Became a worshipper of Makhleb the Destroyer
  1604 | D:6      | Killed Edmund
  1604 | D:6      | Reached skill level 11 in Axes
  1624 | D:6      | Killed Menkaure
  1655 | D:6      | Killed an orc warrior
  1695 | D:7      | Reached * piety under Makhleb
  1742 | D:8      | Found a shadowy altar of Dithmenos.
  1755 | D:8      | Noticed a two-headed ogre
  1766 | D:8      | Killed a two-headed ogre
  1766 | D:8      | Reached skill level 12 in Axes
  1779 | D:8      | Found an opulent altar of Gozag.
  1875 | D:8      | Gained mutation: You passively map the area around you. [Deep Dwarf growth]
  1875 | D:8      | Reached XP level 9. HP: 30/74 MP: 7/7
  1915 | D:8      | Reached skill level 13 in Axes
  1964 | D:8      | Found Zevve's Quality Used Wands.
  2048 | D:9      | Reached ** piety under Makhleb
  2096 | D:10     | Entered Level 10 of the Dungeon
  2178 | D:10     | Noticed a gargoyle
  2218 | D:10     | Killed a gargoyle
  2363 | D:10     | Noticed Nergalle
  2421 | D:11     | Reached skill level 14 in Axes
  2475 | D:11     | Noticed a brown ugly thing
  2486 | D:11     | Killed a brown ugly thing
  2667 | D:9      | Got an encrusted ring mail
  2678 | D:9      | Identified the +4 ring mail "Naky" {+Blink rF+ rC+} (You found it on level 9 of the Dungeon)
  2743 | D:9      | Reached XP level 10. HP: 34/82 MP: 7/7
  2745 | D:9      | Reached *** piety under Makhleb
  2783 | D:9      | Reached skill level 1 in Dodging
  2786 | D:9      | Reached skill level 15 in Axes
  2786 | D:9      | Reached skill level 1 in Evocations
  2833 | D:9      | Found a staircase to the Lair.
  2837 | D:9      | Reached skill level 1 in Invocations
  2841 | Lair:1   | Entered Level 1 of the Lair of Beasts
  3011 | Lair:5   | Noticed a black mamba
  3022 | Lair:5   | Killed a black mamba
  3090 | Lair:4   | Noticed a six-headed hydra
  3099 | Lair:5   | Reached **** piety under Makhleb
  3156 | Lair:5   | Reached skill level 5 in Armour
  3181 | Lair:5   | Noticed a six-headed hydra
  3216 | Lair:6   | Noticed a black mamba
  3226 | Lair:6   | HP: 3/85 [basilisk (8)]
  3236 | Lair:6   | Slain by a black mamba

Action                   |  1- 3 |  4- 6 |  7- 9 | 10-12 || total
-------------------------+-------+-------+-------+-------++-------
Melee: War axe           |    70 |   174 |   461 |   237 ||   942
 Abil: Device Recharging |       |       |     3 |     2 ||     5
Evoke: Wand              |       |     2 |    15 |    10 ||    27
  Use: Potion            |     1 |     1 |       |       ||     2
       Scroll            |       |       |     8 |       ||     8
  Eat: Chunk             |       |     1 |     2 |     2 ||     5
       Bread ration      |       |       |     2 |       ||     2
